 Dungeon Crawl Stone Soup version 0.29-a0-234-g0dae59b3db (webtiles) character file.

Game seed: 8383895824804484519

569 spaghetti the Covert (level 7, 0/46 HPs)
             Began as an Octopode Delver on Mar 3, 2022.
             Was an Initiate of Cheibriados.
             Slain by a yak (18 damage)
             ... on level 6 of the Dungeon.
             The game lasted 00:01:48 (1088 turns).

spaghetti the Covert (Octopode Delver)              Turns: 1088, Time: 00:01:48

Health: 0/46       AC:  1    Str: 13    XL:     7   Next: 33%
Magic:  7/7        EV: 17    Int: 13    God:    Cheibriados [......]
Gold:   77         SH:  0    Dex: 16    Spells: 6/6 levels left

rFire   . . .      SeeInvis .   a - +0 falchion {long}
rCold   . . .      Faith    .   (no shield)
rNeg    . . .      Spirit   .   (helmet restricted)
rPois   .          Reflect  .   (no amulet)
rElec   .          Harm     .   i - +4 ring of evasion
rCorr   .          Rampage  .   (no ring)
Will    .....                   (no ring)
Stlth   ++++++....              (no ring)
HPRegen 0.15/turn               (no ring)
MPRegen 0.10/turn               (no ring)
                                (no ring)
                                (no ring)

@: very slow
A: almost no armour, amphibious, 8 rings, camouflage 1, gelatinous body 1,
(nimble swimmer 1), tentacles
a: Renounce Religion


You were on level 6 of the Dungeon.
You worshipped Cheibriados.
Cheibriados was noncommittal.
You visited 2 branches of the dungeon, and saw 4 of its levels.

You collected 77 gold pieces.


Innate Abilities, Weirdness & Mutations

You cannot wear most types of armour.
You are amphibious.
You can wear up to eight rings at the same time.
Your skin changes colour to match your surroundings (Stealth+).
Your rubbery body absorbs attacks. (AC +1, EV +1)
((You are camouflaged when in or above water. (Stealth+)))
You have tentacles for arms and can constrict up to eight enemies at once.


   Skills:
 - Level 3.0 Fighting
 - Level 2.0 Long Blades
 - Level 2.0 Dodging
 + Level 12.6 Stealth


You had 6 spell levels left.
You didn't know any spells.
Your spell library contained the following spells:

 Spells                   Type           Power      Damage    Failure   Level
 Apportation              Tloc           0%         N/A       30%         1
 Alistair's Intoxication  Tmut/Pois      0%         N/A       100%        5

Inventory:

Hand Weapons
 a - a +0 falchion (weapon) {long}
Jewellery
 i - a +4 ring of evasion (left tentacle)
   (You found it on level 6 of the Dungeon)
 k - a ring of fire
   (You took it off Maggie on level 7 of the Dungeon)
Wands
 d - a wand of acid (9)
   (You took it off Maggie on level 7 of the Dungeon)
 f - a wand of digging (3)
 g - a wand of mindburst (10)
   (You found it on level 6 of the Dungeon)
Scrolls
 b - a scroll of fog
 c - a scroll of magic mapping {!r}
 h - a scroll of identify {@r1}
 j - a scroll of holy word
Potions
 e - a potion of haste {@q3}

Dungeon Overview and Level Annotations

Branches:
Dungeon (7/15)             Temple (1/1) D:7

Altars:
Cheibriados
Elyvilon
Gozag
Hepliaklqana
Makhleb
Sif Muna
Trog

......##'##.##.# #.#
#.#....... #.##.##.# #.#
#.#..##### #..#.##.# #.#
##.#..## #.Y#.##.#####.####
.......# ##...##..........#
.......#######..Y#############
................Y...#
...............YY..##
................@#.#
...###.#......####.# ...#
#.#......# #.# ...#
#.#......####.####
...###.#..............#
......................#
...#..................#
...#...........###.####
...#...........# #.#


You could see 5 yaks.


Message History

You assume a fearsome visage.
Maggie looks frightened!
The shadow imp looks frightened!
You constrict the shadow imp.
You kill the shadow imp!
Cheibriados appreciates the change of pace.
You open the door.
Maggie cowers, then darts away.
Maggie wails, "Oh dear!
Oh dear!"
There is an open door here.
The bullfrog croaks.
You close the door.
The bullfrog hits you but does no damage.
You hit the bullfrog. Your grab misses the bullfrog. You squeeze the bullfrog.
The bullfrog closely misses you. The bullfrog barely misses you.
You slash the bullfrog! You grab the bullfrog. You constrict the bullfrog.
The bullfrog hits you. 😮 HP[-3]
You take 3 damage, and now have 19/36 hp.
You hit the bullfrog. You squeeze the bullfrog.
You kill the bullfrog!
Cheibriados thoroughly appreciates the change of pace.
Your Stealth skill increases to level 11!
You have reached level 6! 😮 HP[+3] MP[+1]
You now have 42 max hp (+6).
You regained 3 hp, and now have 22/42 hp.
Your mp is fully restored (6). 😮 HP[+1] 😮 HP[+1]
You open the large door.
There is a large open door here.
There is a large open door here. 😮 HP[+1]
You close the large door.
You start resting. 😎 HP[+17]
Your hp is fully restored (42).
You now have 27 gold pieces (gained 18).
You now have 39 gold pieces (gained 12).
Aiming: Mindburst
Press: ? - help, Shift-Dir - straight line, f - Maggie
Aim: Maggie, wielding a +0 halberd, wearing +2 steam dragon scales, wearing a ring of fire and carrying a wand of acid (9) (wandering, hasn't noticed you, chance to affect: 64%) Maggie shouts!
Maggie's mind is blasted!!
Aiming: Mindburst
Press: ? - help, Shift-Dir - straight line, f/p - Maggie
Aim: Maggie, wielding a +0 halberd, wearing +2 steam dragon scales, wearing a ring of fire and carrying a wand of acid (9) (moderately wounded, chance to affect: 64%) Maggie struggles to resist.
Maggie barely misses you.
Aiming: Mindburst
Press: ? - help, Shift-Dir - straight line, f/p - Maggie
Aim: Maggie, wielding a +0 halberd, wearing +2 steam dragon scales, wearing a ring of fire and carrying a wand of acid (9) (moderately wounded, chance to affect: 64%) Maggie's mind is blasted!!
Maggie misses you.
Aiming: Mindburst
Press: ? - help, Shift-Dir - straight line, f/p - Maggie
Aim: Maggie, wielding a +0 halberd, wearing +2 steam dragon scales, wearing a ring of fire and carrying a wand of acid (9) (heavily wounded, chance to affect: 64%) Maggie's mind is blasted!
Maggie mumbles some strange words.
Maggie attempts to bespell you!
You are mesmerised by Maggie!
Aiming: Mindburst
Press: ? - help, Shift-Dir - straight line, f/p - Maggie
Aim: Maggie, wielding a +0 halberd, wearing +2 steam dragon scales, wearing a ring of fire and carrying a wand of acid (9) (almost dead, mesmerising, chance to affect: 64%) Maggie's mind is blasted!
Maggie closely misses you.
Aiming: Mindburst
Press: ? - help, Shift-Dir - straight line, f/p - Maggie
Aim: Maggie, wielding a +0 halberd, wearing +2 steam dragon scales, wearing a ring of fire and carrying a wand of acid (9) (almost dead, mesmerising, chance to affect: 64%) Maggie's mind is blasted!
You are no longer entranced.
You blow up Maggie!
Cheibriados thoroughly appreciates the change of pace.
Your Stealth skill increases to level 12!
You have reached level 7! 😎 HP[+4] MP[+1]
You now have 46 max hp (+4).
Your hp is fully restored (46).
Your mp is fully restored (7).
You start waiting.
Done waiting.
d - a wand of acid (9);
k - a ring of fire You now have 56 gold pieces (gained 17).
Things that are here:
a +0 halberd {polearm}; +2 steam dragon scales You see here a +0 war axe {axe}.
You now have 63 gold pieces (gained 7).
You now have 77 gold pieces (gained 14).
Found a stone staircase leading up.
(D) Dungeon (T) Temple
Where to? (Enter - D:7, ? - help)
There is a stone staircase leading up here.
You climb upwards.
You hear the hiss of flowing sand.
There is an entrance to an ossuary on this level.
Hurry and find it before the portal is buried!
The walls and floor vibrate strangely for a moment.
The yak misses you. The yak gores you! x2
* * * LOW HITPOINT WARNING * * *
There is a stone staircase leading down, spattered with blood here. 😨 HP[-28]
You take 28 damage, and now have 18/46 hp.
MASSIVE DAMAGE!! (PAUSE) Unknown command.
The yak gores you!!
You die...

Skill      XL: |  1  2  3  4  5  6 |
---------------+-------------------+-----
Stealth        | 8 9 11 12 | 12.6
Fighting       | |  3.0
Long Blades    | |  2.0
Dodging        | |  2.0

Action                   |  1- 3 |  4- 6 |  7- 9 || total
-------------------------+-------+-------+-------++-------
Melee: Falchion          |     5 |    25 |       ||    30
       Tentacles         |     1 |     7 |       ||     8
       Constrict         |     1 |     6 |       ||     7
       Punch             |       |     1 |       ||     1
Evoke: Wand              |       |     6 |       ||     6
  Use: Scroll            |     1 |     3 |       ||     4
 Stab: Sleeping          |     1 |     4 |       ||     5
Armor: Skin              |       |     1 |       ||     1
Dodge: Dodged            |     4 |    22 |     1 ||    27

Levels and vault maps discovered:
D:5:      layout_layer_cave, kennysheep_mini, serial_undead, serial_undead_f,
          serial_undead_a, serial_undead_d, serial_undead_e
D:6:      layout_basic, enter_ossuary_3
D:7:      layout_basic, minmay_temple_entry_offerings, uniq_maggie
Temple:   kb_temple_of_zot

Notes
Turn   | Place    | Note
-------+----------+-------------------------------------------
     0 | D:5      | spaghetti the Octopode Delver began the quest for the Orb.
     0 | D:5      | Reached XP level 1. HP: 16/16 MP: 1/1
     0 | D:5      | magus.rc [v1.9.6]
    56 | D:6      | Noticed a bullfrog
    65 | D:6      | Killed a bullfrog
    66 | D:6      | Reached skill level 8 in Stealth
    66 | D:6      | Reached XP level 2. HP: 17/21 MP: 2/2
    66 | D:6      | Reached XP level 3. HP: 21/26 MP: 3/3
    66 | D:6      | Reached XP level 4. HP: 25/31 MP: 4/4
   168 | D:6      | Noticed a scorpion
   183 | D:6      | Killed a scorpion
   184 | D:6      | Reached skill level 9 in Stealth
   184 | D:6      | Reached XP level 5. HP: 26/36 MP: 5/5
   532 | D:6      | Noticed an ogre
   538 | D:6      | Killed an ogre
   539 | D:6      | Reached skill level 10 in Stealth
   576 | D:6      | Noticed a yak
   577 | D:6      | Noticed a yak
   578 | D:6      | Noticed a yak
   580 | D:6      | Noticed a yak
   580 | D:6      | Noticed a yak
   594 | D:7      | Noticed Maggie
   597 | D:7      | Found a staircase to the Ecumenical Temple.
   601 | Temple   | Entered the Ecumenical Temple
   767 | Temple   | Became a worshipper of Cheibriados the Contemplative
   789 | D:7      | You pick up a book of Party Tricks and begin reading...
   789 | D:7      | You add the spells Apportation and Alistair's Intoxication
                  | to your library.
   805 | D:7      | Reached skill level 11 in Stealth
   805 | D:7      | Reached XP level 6. HP: 22/42 MP: 6/6
   962 | D:7      | Killed Maggie
   963 | D:7      | Reached skill level 12 in Stealth
   963 | D:7      | Reached XP level 7. HP: 46/46 MP: 7/7
  1088 | D:6      | Slain by a yak

Vanquished Creatures
  Maggie (D:7)
  An ogre (D:6)
  2 bullfrogs
  A scorpion (D:6)
  A shadow imp (D:7)
  4 orcs (D:6)
10 creatures vanquished.

Table legend:
 A = Non-vault XP
 B = Vault XP
 C = Vault XP percentage of total XP
 D = Non-vault monster count
 E = Vault monster count
 F = Vault count percentage of total count
                 A         B        C        D         E       F
            +---------+---------+-------+---------+---------+-------
      Total |     399 |     415 |  51.0 |       9 |       1 |  10.0
            +---------+---------+-------+---------+---------+-------
        D:6 |     298 |       0 |   0.0 |       7 |       0 |   0.0
        D:7 |     101 |     415 |  80.4 |       2 |       1 |  33.3
            +---------+---------+-------+---------+---------+-------

Illustrated notes

Table legend:
 A = Kills in this place as a percentage of kills in entire the game.
 B = Kills by you in this place as a percentage of kills by you in the entire game.
 C = Kills by friends in this place as a percentage of kills by friends in the entire game.
 D = Other kills in this place as a percentage of other kills in the entire game.
 E = Experience gained in this place as a percentage of experience gained in the entire game.
 F = Experience gained in this place divided by the number of levels of this place that you have seen.
                   A       B       C       D       E      F
               +-------+-------+-------+-------+-------+----------------------
         Total | 100.0 | 100.0 |   N/A |   N/A | 100.0 | 203.5
       Dungeon | 100.0 | 100.0 |   N/A |   N/A | 100.0 | 271.3
               +-------+-------+-------+-------+-------+----------------------

Table legend: (Time is in decaauts)
 A = Elapsed time spent in this place.
 B = Non-inter-level travel time spent in this place.
 C = Inter-level travel time spent in this place.
 D = Time resting spent in this place.
 E = Time spent auto-exploring this place.
 F = Levels seen in this place.
 G = Mean time per level.
                   A        B        C        D        E       F      G
               +--------+--------+--------+--------+--------+-----+--------+
         Total |   1115 |   1094 |     21 |    453 |    472 |   4 |  278.8 |
       Dungeon |    924 |    921 |      3 |    453 |    320 |   3 |  308.0 |
        Temple |    190 |    173 |     17 |      0 |    152 |   1 |  190.0 |
               +--------+--------+--------+--------+--------+-----+--------+

Top non-repeatable levels by time:
     D:6: 575 daAuts
     D:7: 324 daAuts
  Temple: 190 daAuts
     D:5: 25 daAuts
